 Dungeon Crawl Stone Soup version 0.28-a0-969-g2dcde036d2 (webtiles) character file.

Game seed: 8907674997519554664

583 rask the Chopper (level 7, -5/62 HPs)
             Began as a Hill Orc Fighter on Dec 1, 2021.
             Slain by an ogre (28 damage)
             ... on level 5 of the Dungeon.
             The game lasted 00:14:02 (4725 turns).

rask the Chopper (Hill Orc Fighter)                 Turns: 4725, Time: 00:14:02

Health: -5/62      AC:  8    Str: 21    XL:     7   Next: 37%
Magic:  7/7        EV:  9    Int:  8    God:
Gold:   195        SH:  4    Dex: 10    Spells: 6/6 levels left

rFire   x . .      SeeInvis +   a - +0 war axe
rCold   + . .      Faith    .   c - +0 buckler
rNeg    . . .      Spirit   .   b - +0 scale mail
rPois   .          Reflect  .   (no helmet)
rElec   .          Harm     .   (no cloak)
rCorr   .          Rampage  .   j - +0 pair of gloves
Will    .....                   (no boots)
Stlth   ..........              (no amulet)
HPRegen 0.20/turn               m - ring of see invisible
MPRegen 0.10/turn               l - ring of ice

@: no status effects
A: no striking features
a: no special abilities


You were on level 5 of the Dungeon.
You visited 1 branch of the dungeon, and saw 5 of its levels.

You collected 195 gold pieces.

Inventory:

Hand Weapons
 a - a +0 war axe (weapon)
 f - a +0 flail
 t - a +0 flail
Missiles
 p - 52 arrows
Armour
 b - a +0 scale mail (worn)
 c - a +0 buckler (worn)
 g - a +0 chain mail
 j - a +0 pair of gloves (worn)
 q - a +0 helmet
 s - a +1 hat of intelligence
Jewellery
 l - a ring of ice (right hand)
 m - a ring of see invisible (left hand)
Wands
 y - a wand of iceblast (15)
Scrolls
 e - a scroll of teleportation {unknown}
 h - 3 scrolls of identify {unknown}
 k - a scroll of blinking {unknown}
 n - 2 scrolls of enchant weapon {unknown}
 o - a scroll of silence {unknown}
 r - a scroll of amnesia {unknown}
 u - a scroll of acquirement {unknown}
 v - a scroll of enchant armour {unknown}
 w - 2 scrolls of magic mapping {unknown}
 x - a scroll of fog {unknown}
Potions
 d - a potion of might
 i - a potion of attraction {unknown}
 z - a potion of curing
 A - a potion of lignification {unknown}


   Skills:
 + Level 5.8 Fighting
 + Level 7.3 Axes
 + Level 4.7 Armour
 - Level 0.4 Dodging
 + Level 0.6 Stealth
 + Level 3.9 Shields


You had 6 spell levels left.
You didn't know any spells.
Your spell library contained the following spells:

 Spells                   Type           Power      Damage    Failure   Level
 Slow                     Hex            0%         N/A       75%         1
 Confusing Touch          Hex            0%         N/A       98%         3
 Vampiric Draining        Necr           0%         2d6       98%         3


Dungeon Overview and Level Annotations

Branches:
Dungeon (5/15)             Temple (0/1) D:4

Altars:
Gozag
Okawaru
Trog
Xom
Yredelemnul

Annotations:
D:3 1 runed translucent door
D:4 1 runed translucent door, Strykforce's ghost, amateur GrWz


Message History

You miss the hound.
The hound is moderately wounded.
The hound bites you. The hound bites you but does no damage.
You slash the hound!
The hound is almost dead.
The hound bites you but does no damage.
You slash the hound!
You kill the hound!
You see here a hound corpse.
You open the door.
There is an open door here.
As you open the door, it creaks loudly!
There is an open door here.
There is an open door here.
You open the door.
There is an open door here.
You now have 195 gold pieces (gained 9).
Found a ring mail.
An ogre comes into view. It is wielding a +0 giant spiked club.
The ogre shouts!
The ogre moves out of view.
The ogre hits you with a +0 giant spiked club!
Your scale mail prevents you from hitting the ogre.
The ogre hits you with a +0 giant spiked club!
You barely miss the ogre. You block the ogre's attack.
You hit the ogre.
The ogre is lightly wounded.
The ogre hits you with a +0 giant spiked club!
You barely miss the ogre.
The ogre is lightly wounded.
The ogre closely misses you.
You hit the ogre but do no damage.
The ogre is lightly wounded.
You slash the ogre!
The ogre is moderately wounded.
The ogre hits you with a +0 giant spiked club.
You hit the ogre but do no damage.
The ogre is moderately wounded.
The ogre hits you with a +0 giant spiked club!!
You die...

..)[.......# ...........# ....
........#### #...#+## ........#
#......#### .<......# .........#
#.....####### #.#.....[##
#............##.#.......#
#..).........#..O.......#
###......... #.?@.......# .
#......### #.........##. .
#......# ######.........
.##......# ...................#
.........# .####..............#
.........# .####......##......###
.........# ...........###........
.........##...........#..........
.........)............#..........


You could see an ogre.

Vanquished Creatures
  A black bear (D:4)
  2 scorpions
  2 jellies
  2 hounds (D:5)
  An iguana (D:3)
  Natasha (D:2)
  An orc wizard (D:3)
  A hound zombie (D:5)
  Robin (D:3)
  3 adders
  A gnoll (D:1)
  A howler monkey skeleton (D:5)
  A dart slug (D:1)
  4 orcs
  5 endoplasms
  A giant cockroach (D:1)
  18 goblins
  6 hobgoblins
  14 jackals
  A quokka (D:4)
  5 ball pythons
  6 bats
  3 frilled lizards
  5 kobolds
  6 rats
92 creatures vanquished.

Notes
Turn   | Place    | Note
-------+----------+-------------------------------------------
     0 | D:1      | rask the Hill Orc Fighter began the quest for the Orb.
     0 | D:1      | Reached XP level 1. HP: 19/19 MP: 1/1
   148 | D:1      | Reached skill level 3 in Axes
   148 | D:1      | Reached XP level 2. HP: 4/27 MP: 2/2
   630 | D:1      | Reached XP level 3. HP: 33/33 MP: 3/3
  1371 | D:2      | Found a faded altar of an unknown god.
  1956 | D:2      | Noticed Natasha
  1978 | D:2      | Killed Natasha
  1979 | D:2      | Reached skill level 4 in Axes
  1979 | D:2      | Reached XP level 4. HP: 27/41 MP: 4/4
  2771 | D:3      | Reached XP level 5. HP: 29/47 MP: 5/5
  2855 | D:3      | Reached skill level 5 in Fighting
  2855 | D:3      | Reached skill level 5 in Axes
  2957 | D:3      | Noticed Robin
  2968 | D:3      | Killed Robin
  3068 | D:3      | Found an iron altar of Okawaru.
  3474 | D:3      | Found a runed translucent door.
  3474 | D:3      | Noticed a human
  3654 | D:3      | Found a basalt altar of Yredelemnul.
  3757 | D:4      | Found an opulent altar of Gozag.
  3778 | D:4      | Found a staircase to the Ecumenical Temple.
  3823 | D:4      | Reached XP level 6. HP: 38/56 MP: 6/6
  3931 | D:4      | Noticed a black bear
  3937 | D:4      | Killed a black bear
  3938 | D:4      | Reached skill level 6 in Axes
  3947 | D:4      | Found a runed translucent door.
  3948 | D:4      | Noticed Strykforce's ghost (amateur GrWz)
  4261 | D:5      | Entered Level 5 of the Dungeon
  4375 | D:5      | Reached skill level 7 in Axes
  4375 | D:5      | Reached XP level 7. HP: 48/62 MP: 7/7
  4595 | D:5      | Found a shimmering altar of Xom.
  4615 | D:5      | Found a bloodstained altar of Trog.
  4725 | D:5      | Slain by an ogre

Illustrated notes

Levels and vault maps discovered:
D:1:      lemuel_arrival_river_ford, layout_basic
D:2:      layout_basic, basic_ecumenical_altar, uniq_natasha
D:3:      layout_basic, kennysheep_okawaru_gauntlet, dk_yredelemnul_ordeal,
          uniq_robin
D:4:      layout_rooms, lemuel_crystal_altar, minmay_temple_entry_mist,
          ebering_ghost_inner_flame
D:5:      layout_basic, mainiacjoe_overflow_24_doors,
          nicolae_overflow_hidden_temple, kennysheep_mini

Skill      XL: |  1  2  3  4  5  6 |
---------------+-------------------+-----
Fighting       | 4 5 |  5.8
Axes           | 3 4 5 7 |  7.3
Armour         | 4 |  4.7
Dodging        | |  0.4
Stealth        | |  0.6
Shields        | |  3.9

Action                   |  1- 3 |  4- 6 |  7- 9 || total
-------------------------+-------+-------+-------++-------
Melee: War axe           |    98 |   193 |    30 ||   321
Armor: Scale mail        |    43 |   101 |    10 ||   154
Dodge: Dodged            |    41 |    90 |    14 ||   145
Block: Buckler           |    26 |    27 |     2 ||    55

Table legend: (Time is in decaauts)
 A = Elapsed time spent in this place.
 B = Non-inter-level travel time spent in this place.
 C = Inter-level travel time spent in this place.
 D = Time resting spent in this place.
 E = Time spent auto-exploring this place.
 F = Levels seen in this place.
 G = Mean time per level.
                   A        B        C        D        E       F      G
               +--------+--------+--------+--------+--------+-----+--------+
         Total |   4823 |   4755 |     68 |   1172 |   1401 |   5 |  964.6 |
       Dungeon |   4823 |   4755 |     68 |   1172 |   1401 |   5 |  964.6 |
               +--------+--------+--------+--------+--------+-----+--------+

Top non-repeatable levels by time:
     D:1: 1380 daAuts
     D:3: 1353 daAuts
     D:2: 1105 daAuts
     D:4: 515 daAuts
     D:5: 468 daAuts
